 Seeded DCSS version 0.26-a0-591-g04f19ec (webtiles) character file.

Game seed: 2723208021687517615 (custom seed)

1211 Illumine the Chopper (level 8, -6/54 HPs)
             Began as an Octopode Warper on Aug 24, 2020.
             Mangled by an ogre
             ... wielding a +0 giant club
              (21 damage)
             ... on level 6 of the Dungeon.
             The game lasted 00:16:41 (8411 turns).

Illumine the Chopper (Octopode Warper)              Turns: 8411, Time: 00:16:41

Health: -6/54      AC:  1    Str: 12    XL:     8   Next: 46%
Magic:  12/12      EV: 15    Int: 22    God:
Gold:   254        SH:  0    Dex: 11    Spells: 4/12 levels left

rFire    . . .     SeeInvis .   a - +3 hand axe
rCold    . . .     Faith    .   (no shield)
rNeg     . . .     Spirit   .   (helmet restricted)
rPois    .         Reflect  .   (no amulet)
rElec    .         Harm     .   q - +6 ring of intelligence
rCorr    .                      (no ring)
MR       .....                  (no ring)
Stlth    +++.......             (no ring)
HPRegen  0.18/turn              (no ring)
MPRegen  0.13/turn              (no ring)
                                (no ring)
                                (no ring)

@: no status effects
A: almost no armour, stealthy swim, amphibious, 8 rings, constrict 8, camouflage
1, gelatinous body 1
a: no special abilities


You were on level 6 of the Dungeon.
You visited 1 branch of the dungeon, and saw 6 of its levels.

You collected 254 gold pieces.

Inventory:

Hand Weapons
 a - a +3 hand axe (weapon)
 b - a +0 hunting sling
 f - a +2 short sword of speed
 u - a +1 flail of holy wrath
Missiles
 d - 2 boomerangs of dispersal (quivered)
 l - 170 stones
 w - 7 boomerangs
Jewellery
 q - a +6 ring of intelligence (left tentacle)
Wands
 v - a wand of disintegration (16)
 x - a wand of flame (21)
Scrolls
 c - 3 scrolls of blinking
 g - 3 scrolls of teleportation {unknown}
 h - 2 scrolls of amnesia {unknown}
 j - 6 scrolls of enchant armour {unknown}
 m - a scroll of magic mapping {unknown}
 n - 8 scrolls of identify {unknown}
 r - a scroll of fear {unknown}
 t - 5 scrolls of remove curse {unknown}
Potions
 e - 6 potions of curing {unknown}
 i - 2 potions of mutation {unknown}
 k - a potion of resistance {unknown}
 o - 3 potions of flight {unknown}
 p - 2 potions of stabbing {unknown}
 s - 2 potions of cancellation {unknown}
 z - a potion of lignification {unknown}
 A - a potion of heal wounds {unknown}


   Skills:
 + Level 4.4 Fighting
 * Level 6.0 Axes
 + Level 2.9(3.0) Slings
 - Level 1.0(2.1) Throwing
 + Level 4.5 Dodging
 - Level 2.1 Stealth
 + Level 2.9 Spellcasting
 + Level 3.8 Translocations
 + Level 2.3 Evocations


You had 4 spell levels left.
You knew the following spells:

 Your Spells              Type           Power        Failure   Level
a - Blink                 Tloc           N/A          3%          2
b - Gell's Gravitas       Tloc           ###.......   8%          3
c - Teleport Other        Tloc           ###.....     8%          3

Your spell library contained the following spells:

 Spells                   Type           Power        Failure   Level
 Lesser Beckoning         Tloc           ###.......   8%          3
 Passage of Golubria      Tloc           N/A          26%         4


Dungeon Overview and Level Annotations

Branches:
Dungeon (6/15)
 Temple: D:4-7

Altars:
Elyvilon
Kikubaaqudgha
Makhleb
Qazlal
Ru
Uskayaw
Vehumet
Zin

Annotations:
D:3 2 runed translucent doors, vykuza's ghost, weakling BaFE


Innate Abilities, Weirdness & Mutations

You cannot wear most types of armour.
You are very stealthy in the water. (Stealth+)
You are amphibious.
You can wear up to eight rings at the same time.
You can use your tentacles to constrict eight enemies at once.
Your skin changes colour to match your surroundings (Stealth+).
Your rubbery body absorbs attacks. (AC +1, EV +1)


Message History

Firing (i - inventory. (/) - cycle)
l - 171 stones (quivered)
Press: ? - help, Shift-Dir - straight line, f/p - ogre
Aim: an ogre, wielding a +0 giant club (lightly wounded)
You shoot a stone. The stone hits the ogre.
The ogre is moderately wounded.
a - a +3 hand axe (weapon)
You hit the ogre.
The ogre is heavily wounded.
The ogre misses you.
You hit the ogre. You squeeze the ogre.
The ogre is severely wounded.
The ogre closely misses you.
You hit the ogre.
The ogre is almost dead.
The ogre hits you with a +0 giant club!
* * * LOW HITPOINT WARNING * * *
You hit the ogre. Your squeeze misses the ogre.
The ogre is almost dead.
The ogre hits you with a +0 giant club!!
You die...

#..# ....# ...## ..
...# ....###...
#..# ........(..
#..#
......#.....##..###
...........(....).#
......# ....##..#.#
.....# . #..#.#
#...##### #..@.#
##..†...######.O###
#..####........(#
...# #########.#
#)######### #.#
#.†......)# #.#
#########.# ##.#
#.# #..# #.# #..#


You could see an ogre.

Vanquished Creatures
  A phantom (D:6)
  An ogre (D:6)
  A centaur (D:5)
  A bullfrog (D:6)
  3 howler monkeys
  A jelly (D:5)
  A gnoll shaman (D:1)
  An orc priest (D:3)
  6 orc wizards
  Natasha (thrice) (D:2)
  2 iguanas
  5 worker ants
  A hound zombie (D:5)
  A howler monkey zombie (D:5)
  Robin (D:1)
  8 gnolls
  A howler monkey skeleton (D:5)
  2 adders
  A white imp (D:6)
  An ooze (D:2)
  A worm (D:2)
  A dart slug (D:3)
  8 leopard geckos
  25 orcs
  2 giant cockroaches
  15 goblins
  10 hobgoblins
  9 jackals
  5 kobolds
  2 ball pythons
  7 bats
  4 frilled lizards
  A leopard gecko skeleton (D:5)
  7 rats
139 creatures vanquished.

Vanquished Creatures (others)
  4 withered plants (D:2)
4 creatures vanquished.

Grand Total: 143 creatures vanquished

Notes
Turn   | Place    | Note
-------+----------+-------------------------------------------
     0 | D:1      | Illumine the Octopode Warper began the quest for the Orb.
     0 | D:1      | Reached XP level 1. HP: 14/14 MP: 3/3
    31 | D:1      | Reached XP level 2. HP: 1/19 MP: 5/5
   424 | D:1      | Learned a level 2 spell: Blink
   874 | D:1      | Reached XP level 3. HP: 25/25 MP: 6/6
  1059 | D:1      | Learned a level 3 spell: Gell's Gravitas
  1082 | D:1      | Reached skill level 3 in Axes
  1684 | D:1      | Reached XP level 4. HP: 23/30 MP: 7/7
  2039 | D:2      | Noticed Natasha
  2049 | D:2      | Reached XP level 5. HP: 36/36 MP: 8/8
  2054 | D:2      | Killed Natasha
  2262 | D:2      | Noticed Natasha
  2271 | D:2      | Killed Natasha
  2271 | D:2      | Reached skill level 4 in Axes
  2441 | D:2      | Found an ancient bone altar of Kikubaaqudgha.
  2815 | D:2      | Reached skill level 1 in Stealth
  2964 | D:2      | Learned a level 3 spell: Teleport Other
  2970 | D:2      | Reached skill level 1 in Slings
  3008 | D:2      | Noticed Robin
  3010 | D:2      | Noticed Natasha
  3027 | D:1      | Killed Robin
  3089 | D:2      | Reached XP level 6. HP: 42/42 MP: 9/9
  3271 | D:2      | Killed Natasha
  3620 | D:2      | Found a hide-covered altar of Uskayaw.
  4270 | D:3      | Found a stormy altar of Qazlal.
  4310 | D:3      | Found a runed translucent door.
  4310 | D:3      | Noticed vykuza's ghost (weakling BaFE)
  4680 | D:3      | Found a white marble altar of Elyvilon.
  4708 | D:3      | Found a glowing silver altar of Zin.
  4956 | D:3      | Found a runed translucent door.
  5047 | D:3      | Found a burning altar of Makhleb.
  5165 | D:3      | Noticed a balrug
  5165 | D:3      | Noticed an angel
  5363 | D:4      | Reached XP level 7. HP: 35/46 MP: 10/10
  5585 | D:4      | Reached skill level 5 in Axes
  6105 | D:4      | Reached skill level 1 in Evocations
  6349 | D:4      | Found a sacrificial altar of Ru.
  6801 | D:5      | Entered Level 5 of the Dungeon
  7067 | D:5      | Found a radiant altar of Vehumet.
  7209 | D:5      | Identified the cursed +1 leather armour of the Great Game
                  | {rPois}
  7705 | D:5      | Reached XP level 8. HP: 38/54 MP: 11/11
  8389 | D:6      | Reached skill level 6 in Axes
  8411 | D:6      | Mangled by an ogre

Illustrated notes

Levels and vault maps discovered:
D:1:      lemuel_arrival_hallway, layout_loops_ring, minmay_hexomino_c4
D:2:      layout_loops_ring, lemuel_crystal_altar, kiku_gazebo_garden_becter,
          grunt_decor_arrowhead, uniq_robin, uniq_natasha
D:3:      layout_loops_ring, grunt_temple_overflow_order_and_chaos_2,
          elyvilon_altar_3, ebering_ghost_sewer_f, dk_noncrumbling_3,
          nicolae_qazlal_general_emergency
D:4:      layout_basic, minmay_temple_entry_from_below_a, amethyst_killhole,
          nicolae_ru_sacrificial_ziggurat
D:5:      layout_gridville, vehumet_altar_wand_db
D:6:      layout_loops_ring

Skill      XL: |  1  2  3  4  5  6  7  8 |
---------------+-------------------------+-----
Axes           | 3 4 5 6 |  6.0
Dodging        | 3 4 |  4.5
Fighting       | 3 4 |  4.4
Stealth        | 1 2 |  2.1
Slings         | 1 2 |  2.9
Evocations     | 1 2 |  2.3
Throwing       | |  1.0
Spellcasting   | |  2.9
Translocations | |  3.8

Action                   |  1- 3 |  4- 6 |  7- 9 || total
-------------------------+-------+-------+-------++-------
Melee: Hand axe          |    87 |   115 |   136 ||   338
       Constrict         |    26 |    25 |    25 ||    76
       Tentacles         |     9 |    21 |    27 ||    57
 Fire: Hunting sling     |       |    71 |    59 ||   130
Throw: Boomerang         |       |     2 |     1 ||     3
 Cast: Blink             |       |       |     1 ||     1
 Stab: Sleeping          |     2 |     3 |     6 ||    11
Armor: Skin              |     8 |     1 |     6 ||    15
Dodge: Dodged            |    62 |    60 |    68 ||   190

Table legend: (Time is in decaauts)
 A = Elapsed time spent in this place.
 B = Non-inter-level travel time spent in this place.
 C = Inter-level travel time spent in this place.
 D = Time resting spent in this place.
 E = Time spent auto-exploring this place.
 F = Levels seen in this place.
 G = Mean time per level.
                   A        B        C        D        E       F      G
               +--------+--------+--------+--------+--------+-----+--------+
         Total |   8429 |   8158 |    271 |   3830 |   2935 |   6 | 1404.8 |
       Dungeon |   8429 |   8158 |    271 |   3830 |   2935 |   6 | 1404.8 |
               +--------+--------+--------+--------+--------+-----+--------+

Top non-repeatable levels by time:
     D:2: 2003 daAuts
     D:1: 1993 daAuts
     D:4: 1581 daAuts
     D:3: 1246 daAuts
     D:5: 1194 daAuts
     D:6: 410 daAuts
